AoeStats
← jfdsago

Arabia

510834619Analyzed
1v1 RM · 12h ago on Oct 2, 2026· 23m 10s· 2 players
Game mode
Random Map
Map size
Tiny (2 player)
Population
200
Speed
Normal
Resources
Standard
Victory
Conquest
Starting age
Dark Age
Ending age
Imperial Age
RankedLock teamsTeams togetherTeam positionsShared explorationLock speedFull tech treeHidden civsTurbo modeCheats
Victory
Defeat
🇹🇼 Huns · Taiwan
712
+26
🇩🇪 Mongols · Germany
730
-17
jfdsago
2:46 Loom
12:53 Feudal Age
18:42 Castle Age
17:17 Gold Mining
17:17 Double-Bit Axe
17:13 Horse Collar
17:34 Gold Mining
18:23 Bloodlines
18:37 Scale Barding Armor
19:27 Fletching
22:30 Wheelbarrow
21:40 Town Watch
Зŋτə.
9:56 Loom
13:17 Feudal Age
14:37 Double-Bit Axe
18:46 Castle Age
19:38 Fletching
20:14 Bow Saw
20:19 Gold Mining
20:31 Bodkin Arrow
20:52 Crossbowman
Connection lost

Rejoining the realm…

Still unreachable

The connection could not be restored.

Session expired

The server has moved on; the page needs a fresh start.